 Dungeon Crawl Stone Soup version 0.18-a0-1539-g1c7284a (webtiles) character file.

142 mrath the Magician (level 5, -3/38 HPs)
             Began as a Draconian Wizard on Mar 10, 2016.
             Slain by Galewind's ghost (5 damage)
             ... on level 4 of the Dungeon.
             The game lasted 00:23:47 (3803 turns).

mrath the Magician (Draconian Wizard)               Turns: 3803, Time: 00:23:47

Health: -3/38      AC:  5    Str:  9    XL:     5   Next: 3%
Magic:  11/11      EV: 12    Int: 19    God:
Gold:   183        SH:  0    Dex: 10    Spells: 5 memorised, 2 levels left

rFire  . . .     SeeInvis .     t - +0 whip
rCold  . . .     Gourm    .     (armour unavailable)
rNeg   . . .     Faith    .     (no shield)
rPois  .         Spirit   .     a - +0 hat
rElec  .         Dismiss  .     (no cloak)
rCorr  .         Reflect  .     (no gloves)
SustAt .         Harm     .     (no boots)
MR     .....                    (no amulet)
Stlth  ++........               (no ring)
                                (no ring)

@: repel missiles, not resistant to hostile enchantments, unstealthy
A: unfitting armour, cold-blooded, AC +5
a: no special abilities


You were on level 4 of the Dungeon.
You were hungry.

You visited 1 branch of the dungeon, and saw 4 of its levels.

You collected 183 gold pieces.

Inventory:

Hand Weapons
 g - a +0 dagger
 m - a cursed -3 whip
 r - a +0 hunting sling
 t - a +0 whip (weapon)
 x - a +0 hunting sling
Missiles
 e - 136 stones (quivered)
 z - 29 poisoned needles
Armour
 a - a +0 hat (worn)
Jewellery
 f - a +2 amulet of reflection {unknown}
 j - a cursed -3 ring of protection {unknown}
 s - an uncursed amulet of the gourmand {unknown}
Scrolls
 d - a scroll of fog {unknown}
 i - 3 scrolls of noise {unknown}
 l - 2 scrolls of identify {unknown}
 n - a scroll of enchant weapon {unknown}
 o - 4 scrolls of remove curse {unknown}
 w - a scroll of amnesia {unknown}
 y - a scroll of recharging {unknown}
 A - a scroll of enchant armour {unknown}
Potions
 h - a potion of degeneration {unknown}
 k - 2 potions of haste {unknown}
 p - 2 potions of lignification {unknown}
 u - a potion of brilliance {unknown}
Books
 b - a book of Minor Magic

   Spells                             Type                      Level
   a - Magic Dart                     Conjuration                  1
   b - Blink                          Translocation                2
   c - Call Imp                       Summoning                    2
   d - Repel Missiles                 Charms/Air                   2
   e - Slow                           Hexes                        2
   f - Conjure Flame                  Conjuration/Fire             3
   g - Mephitic Cloud                 Conjuration/Poison/Air       3
Comestibles
 c - 2 bread rations
 q - 3 fruits


   Skills:
 - Level 1.7 Dodging
 - Level 1.7 Stealth
 + Level 4.3 Spellcasting
 + Level 3.4 Conjurations
 - Level 1.0 Summonings
 - Level 1.0 Translocations


You had 2 spell levels left.
You knew the following spells:

 Your Spells              Type           Power        Failure   Level  Hunger
a - Magic Dart            Conj           ###.         3%          1    None
b - Blink                 Tloc           N/A          14%         2    #......
c - Call Imp              Summ           #.......     14%         2    #......
d - Repel Missiles        Chrm/Air       #.....       21%         2    #......
e - Mephitic Cloud        Conj/Pois/Air  #.......     28%         3    ###....


Dungeon Overview and Level Annotations

Branches:
Dungeon (3/15)

Altars:
Gozag
Vehumet

Annotations:
D:4 Galewind's ghost, amateur SpEn


Innate Abilities, Weirdness & Mutations

Your plain brown scales are hard (AC +5).
Your body does not fit into most forms of armour.
You are cold-blooded and may be slowed by cold attacks.


Message History

Found an opulent altar of Gozag.
Found a stone staircase leading up.
Galewind's ghost casts a spell at you.
You fall asleep.
Galewind's ghost wails, "You will join me soon!"
Galewind's ghost gestures at you while chanting.
You resist with significant effort.
Galewind's ghost says very slowly, "There's no hope."
Galewind's ghost closely misses you.
You wake up.
Galewind's ghost grins evilly.
Galewind's ghost gestures at you while chanting.
You fall asleep.
You feel less confused.
Galewind's ghost hits you but does no damage.
Galewind's ghost misses you. Galewind's ghost barely misses you.
Galewind's ghost hits you.
You wake up.
* * * LOW HITPOINT WARNING * * *
Galewind's ghost whispers, "The ORB doesn't exist."
Galewind's ghost hits you.
You die...

#.....# #.# .. ##.....#
#.###... #......##
#..... . ........# #...
.. ........###.# ..#
............#### ...#
........##.....####....#
.......####.........<..#
#.....####......@###
.......##......W.#
.###......$.$.$.$.$._#
###...........#.$8# #
###...##...###### .
##.......#
.########......##
#..............##
................#


You could see Galewind's ghost.

Vanquished Creatures
  Robin (D:1)
  3 adders
  3 oozes
  4 worms
  2 dart slugs
  2 giant geckos
  A ball python (D:3)
  A giant cockroach (D:2)
  8 goblins
  10 hobgoblins
  10 jackals
  2 quokkas
  8 bats
  3 giant newts (D:3)
  8 kobolds
  8 rats
74 creatures vanquished.

Vanquished Creatures (others)
  A goblin (D:2)
1 creature vanquished.

Grand Total: 75 creatures vanquished

Notes
Turn   | Place    | Note
--------------------------------------------------------------
     0 | D:1      | mrath the Draconian Wizard began the quest for the Orb.
     0 | D:1      | Reached XP level 1. HP: 14/14 MP: 4/4
   384 | D:1      | Reached XP level 2. HP: 11/20 MP: 1/6
  1578 | D:1      | Reached XP level 3. HP: 26/26 MP: 5/8
  1697 | D:1      | Learned a level 2 spell: Blink
  1700 | D:1      | Learned a level 2 spell: Call Imp
  1703 | D:1      | Learned a level 2 spell: Repel Missiles
  1824 | D:2      | Noticed Robin
  1859 | D:1      | Killed Robin
  2050 | D:2      | Found a radiant altar of Vehumet.
  2402 | D:2      | Reached skill level 4 in Spellcasting
  2485 | D:2      | Reached XP level 4. HP: 33/33 MP: 1/10
  3136 | D:2      | Learned a level 3 spell: Mephitic Cloud
  3440 | D:3      | Reached XP level 5. HP: 38/38 MP: 1/11
  3724 | D:3      | You fall through a shaft!
  3725 | D:4      | Noticed Galewind's ghost (amateur SpEn)
  3792 | D:4      | Found an opulent altar of Gozag.
  3803 | D:4      | Slain by Galewind's ghost

Vault maps used:
D:1:      denvon_arrival_waterhouse, minivault_4
D:2:      fiery_altar_vehumet, first_bread, uniq_robin
D:4:      grunt_gozag_breadcrumbs

Skill      XL: |  1  2  3  4 |
---------------+-------------+-----
Conjurations   | 2 3 |  3.4
Spellcasting   | 4 |  4.3
Dodging        | |  1.7
Stealth        | |  1.7
Summonings     | |  1.0
Translocations | |  1.0

Action                   |  1- 3 |  4- 6 || total
-------------------------+-------+-------++-------
Melee: Dagger            |    67 |       ||    67
       Whip              |    11 |    11 ||    22
 Cast: Magic Dart        |   112 |    84 ||   196
       Repel Missiles    |     1 |       ||     1
  Eat: Chunk             |     5 |     3 ||     8
